Map: Efflorescence LE

Players

Maximus

  • Race: Protoss Protoss
  • League: Diamond
  • Spawn Location: 9:00

BooN

  • Race: Protoss Protoss
  • League: Diamond
  • Spawn Location: 6:00

Massa - Winner!

  • Race: Terran Terran
  • League: Platinum
  • Spawn Location: 12:00

qqq - Winner!

  • Race: Zerg Zerg
  • Spawn Location: 3:00

VOD

Have the link to the VOD?

Description

Time

  • Played on: Feb. 28, 2021, 7:17 a.m.
  • Length: 4:23
Show
View Real Time Build Order
Export as new Build Order

Maximus Protoss 

Build Orders:  

Get SALT Encoding   

  12  0:00  Probe  
  13  0:16  Pylon  
  13  0:18  Probe  
  14  0:35  Gateway  
  14  0:36  Probe (Chrono Boost)  
  15  0:48  Probe (Chrono Boost)  
  16  1:02  Probe, Forge  
  17  1:07  Assimilator  
  17  1:14  Probe  
  17  1:26  Probe (Chrono Boost)  
  18  1:36  Probe (Chrono Boost)  
  18  1:37  Photon Cannon  
  19  1:46  Photon Cannon  
  19  1:52  Probe  
  20  2:05  Probe  
  21  2:18  Nexus  
  21  2:23  Assimilator  
  21  2:34  Cybernetics Core  
  21  2:38  Probe  
  22  2:49  Assimilator  
  22  2:52  Pylon  
  22  2:53  Probe  
  23  3:10  Probe  
  23  3:12  Stargate  
  24  3:22  Probe (Chrono Boost), Stargate  
  25  3:29  Probe (Chrono Boost)  
  27  3:34  Probe (Chrono Boost)  
  27  3:39  Probe (Chrono Boost)  
  27  3:41  Probe (Chrono Boost)  
  29  3:44  Probe (Chrono Boost)  
  30  3:51  Probe (Chrono Boost)  
  31  3:56  Probe (Chrono Boost)  
  35  4:04  Probe (Chrono Boost)  
Show
View Real Time Build Order
Export as new Build Order

BooN Protoss 

Build Orders:  

Get SALT Encoding   

  12  0:01  Probe  
  13  0:13  Probe  
  14  0:23  Pylon  
  14  0:25  Probe  
  15  0:41  Probe (Chrono Boost)  
  16  0:43  Assimilator  
  16  0:51  Probe (Chrono Boost)  
  16  0:52  Gateway  
  16  0:56  Probe (Chrono Boost)  
  18  1:08  Probe (Chrono Boost)  
  18  1:10  Assimilator  
  19  1:15  Probe (Chrono Boost)  
  20  1:22  Probe  
  21  1:26  Gateway  
  21  1:34  Probe  
  22  1:43  Pylon  
  22  1:46  Probe  
  23  1:49  Cybernetics Core  
  23  2:01  Probe  
  24  2:19  Nexus  
  24  2:27  Stalker (Chrono Boost)  
  28  2:39  Stalker (Chrono Boost)  
  28  2:47  Twilight Council  
  28  2:48  Probe  
  29  3:02  Pylon  
  29  3:10  Stalker  
  31  3:19  Pylon  
  31  3:33  Probe (Chrono Boost)  
  31  3:34  Probe (Chrono Boost)  
  33  3:43  Probe (Chrono Boost)  
  33  3:45  Probe (Chrono Boost)  
  35  3:48  Probe (Chrono Boost)  
  35  3:54  Probe  
  37  4:00  Probe  
  36  4:06  Probe  
Show
View Real Time Build Order
Export as new Build Order

Massa Terran - Winner!

Build Orders:  

Get SALT Encoding   

  12  0:00  SCV  
  13  0:12  SCV  
  14  0:18  Supply Depot  
  14  0:24  SCV  
  15  0:39  SCV  
  15  0:42  Barracks  
  16  0:48  Refinery  
  16  0:51  SCV  
  17  1:02  Supply Depot  
  17  1:03  SCV  
  18  1:13  Barracks  
  18  1:18  SCV  
  19  1:31  Barracks  
  19  1:42  Barracks Tech Lab  
  19  1:46  SCV  
  20  1:56  Supply Depot  
  20  1:59  Marine  
  21  2:01  Stimpack  
  21  2:02  Marine  
  22  2:13  Orbital Command  
  22  2:17  Marine  
  22  2:21  Marine  
  24  2:24  Marine  
  25  2:35  Marine  
  26  2:39  Marauder  
  26  2:41  Marine  
  29  2:53  Marine  
  30  2:59  Marine  
  30  3:01  Marauder  
  30  3:04  Engineering Bay  
  33  3:11  Marine  
  34  3:17  Marine  
  35  3:22  Marauder  
  37  3:29  Marine  
  37  3:33  Missile Turret  
  38  3:35  Marine  
  39  3:52  Supply Depot  
  39  3:53  Supply Depot  
Show
View Real Time Build Order
Export as new Build Order

qqq Zerg - Winner!

Build Orders: Hatch First 

Get SALT Encoding   

  12  0:00  Drone  
  13  0:08  Drone  
  14  0:19  Overlord  
  14  0:55  Hatchery  
  13  1:04  Drone x2  
  13  1:05  Drone  
  16  1:19  Spawning Pool  
  16  1:24  Drone  
  16  1:26  Extractor  
  16  1:28  Drone  
  16  1:42  Drone  
  17  1:51  Drone  
  18  1:59  Drone  
  19  2:10  Drone  
  20  2:17  Queen x2  
  20  2:19  Drone x2  
  26  2:25  Overlord  
  26  2:36  Drone  
  27  2:38  Metabolic Boost  
  27  2:40  Zergling x2  
  28  2:49  Zergling x2  
  28  2:50  Zergling x2  
  28  2:51  Drone  
  31  2:53  Zergling x2  
  32  3:09  Zergling x2  
  32  3:14  Zergling x2  
  32  3:15  Zergling x2  
  32  3:16  Zergling x2  
  35  3:23  Zergling x2  
  35  3:26  Overlord x3  
  36  3:37  Overlord  
  36  3:45  Zergling x2  
  37  3:49  Zergling x2  
  37  3:51  Zergling x2  
  37  3:53  Drone  
  40  4:00  Hatchery, Zergling x2  
  40  4:01  Zergling x4  
  39  4:11  Drone  
Tags
 
Add a new tag
Caveats
  • Supply blocks, unpowered buildings, or Contaminate may cause inaccurate times.
  • Supply counts are checked every 10 seconds.